Map: Nightscape LE

Players

KGN

  • Race: Terran Terran
  • League: Diamond
  • Spawn Location: 1:00

jimmy

  • Race: Protoss Protoss
  • League: Platinum
  • Spawn Location: 1:00

Massa

  • Race: Terran Terran
  • League: Platinum
  • Spawn Location: 7:00

qqq

  • Race: Zerg Zerg
  • Spawn Location: 7:00

VOD

Have the link to the VOD?

Description

Time

  • Played on: Nov. 5, 2020, 3:45 p.m.
  • Length: 20:49
Show
View Real Time Build Order
Export as new Build Order

KGN Terran 

Build Orders: Mech 

Get SALT Encoding   

  12  0:01  SCV  
  13  0:14  Supply Depot  
  13  0:18  SCV  
  14  0:30  SCV  
  15  0:38  Barracks  
  15  0:42  SCV  
  16  0:50  Refinery  
  16  0:54  SCV  
  17  1:06  SCV  
  18  1:18  SCV  
  18  1:30  Refinery, SCV  
  19  1:39  Reaper  
  20  1:42  Orbital Command  
  20  2:03  Supply Depot  
  20  2:12  SCV, Factory  
  21  2:19  Supply Depot  
  21  2:24  SCV  
  22  2:36  SCV, Command Center  
  23  2:49  SCV  
  23  3:01  SCV  
  24  3:11  Command Center  
  24  3:16  Factory Tech Lab  
  24  3:24  Armory  
  24  3:26  SCV  
  25  3:37  Siege Tank  
  28  3:48  Factory  
  28  4:12  Widow Mine  
  30  4:17  Orbital Command  
  30  4:19  SCV  
  30  4:22  Factory  
  31  4:31  Engineering Bay  
  31  4:32  SCV  
  31  4:33  Siege Tank  
  31  4:36  Widow Mine  
  37  4:38  Drilling Claws  
  37  4:44  SCV, Terran Vehicle Weapons Level 1  
  38  4:49  SCV  
  39  5:01  Orbital Command  
  39  5:02  SCV  
  39  5:05  Widow Mine  
  42  5:12  Widow Mine  
  44  5:15  SCV x2  
  44  5:20  Widow Mine  
  48  5:27  SCV  
  48  5:28  SCV x2  
  51  5:36  Command Center  
  51  5:38  Widow Mine  
  51  5:39  Widow Mine, SCV  
  56  5:50  Widow Mine  
  56  5:52  SCV x2  
  56  5:54  SCV, Missile Turret  
  61  6:00  Widow Mine  
  61  6:02  Factory  
  61  6:04  SCV  
  64  6:06  Widow Mine, SCV  
  64  6:11  Missile Turret  
  67  6:12  Widow Mine  
  69  6:28  Supply Depot  
  69  6:31  Supply Depot  
  69  6:32  Supply Depot  
  69  6:34  Missile Turret  
  69  6:39  Missile Turret  
  69  6:43  Supply Depot  
  69  6:45  Terran Vehicle And Ship Armor Level 1  
  69  6:48  Widow Mine x3, SCV x3, Siege Tank  
  81  7:00  SCV x2  
  84  7:02  Orbital Command  
  84  7:05  SCV  
  84  7:06  Refinery  
  84  7:07  Refinery  
  84  7:09  Widow Mine  
  84  7:10  Widow Mine x2  
  84  7:12  SCV x2  
  92  7:16  Missile Turret  
  92  7:17  SCV  
  92  7:20  Widow Mine  
  95  7:24  SCV x2  
  95  7:25  Factory  
  95  7:28  SCV  
  98  7:30  SCV  
  98  7:31  Widow Mine x3  
  98  7:32  Refinery  
  98  7:36  SCV x2  
  107  7:42  Widow Mine  
  109  7:47  SCV x2  
  109  7:48  SCV  
  112  7:52  Widow Mine x2  
  112  7:57  Widow Mine  
  116  8:07  Widow Mine, SCV x2  
  110  8:13  SCV x2  
  110  8:14  Widow Mine, Hellion  
  110  8:15  Widow Mine  
  110  8:18  Supply Depot  
  110  8:19  SCV  
  116  8:21  Widow Mine, Supply Depot  
  116  8:22  Supply Depot  
  118  8:27  SCV  
  118  8:29  Widow Mine  
  118  8:30  Refinery  
  118  8:33  SCV  
  122  8:35  Widow Mine x2, SCV  
  122  8:37  Widow Mine  
  122  8:40  Command Center  
  129  8:42  Widow Mine  
  129  8:47  Supply Depot  
  129  8:48  Supply Depot  
  129  8:50  Widow Mine  
  131  8:56  Widow Mine x2, Factory  
  131  8:58  Widow Mine, Terran Vehicle Weapons Level 2  
  137  9:04  Widow Mine  
  137  9:06  SCV  
  137  9:08  Missile Turret  
  138  9:11  Siege Tank  
  138  9:13  Missile Turret  
  138  9:15  SCV x3  
  144  9:18  Widow Mine x2  
  144  9:20  Widow Mine  
  150  9:24  SCV  
  150  9:25  Widow Mine, Missile Turret  
  150  9:26  Missile Turret  
  150  9:27  SCV  
  154  9:33  SCV x2  
  154  9:36  SCV, Missile Turret  
  154  9:37  Refinery  
  155  9:39  Widow Mine, Missile Turret  
  155  9:40  Widow Mine  
  155  9:42  Refinery  
  155  9:43  Siege Tank  
  162  9:47  SCV x2  
  162  9:48  SCV  
  162  9:52  SCV, Supply Depot  
  166  9:58  Widow Mine x3  
  166  10:06  SCV x2  
  166  10:07  Orbital Command  
  168  10:09  SCV x2  
  168  10:10  Missile Turret  
  168  10:11  Widow Mine  
  168  10:12  Widow Mine  
  174  10:19  SCV  
  174  10:20  SCV  
  178  10:21  Widow Mine x2, SCV  
  178  10:22  Widow Mine x2  
  178  10:25  Command Center  
  178  10:27  Factory  
  185  10:33  Widow Mine x2  
  185  10:43  Widow Mine x3, Siege Tank  
  188  10:50  Missile Turret  
  188  10:54  Widow Mine x2  
  192  10:57  SCV  
  192  10:58  SCV x2  
  191  11:04  Widow Mine x3  
  191  11:10  Widow Mine  
  189  11:12  Missile Turret  
  189  11:15  Siege Tank  
  189  11:16  Widow Mine x2  
  194  11:23  Command Center  
  194  11:26  Terran Vehicle Weapons Level 3  
  194  11:30  Widow Mine  
  194  11:31  Widow Mine, Supply Depot  
  194  11:32  Widow Mine  
  194  11:34  Missile Turret  
  194  11:37  Widow Mine x3  
  194  11:38  Supply Depot  
  200  11:41  Planetary Fortress  
  200  11:42  Refinery  
  200  12:07  Missile Turret  
  200  12:18  Refinery  
  186  12:45  Widow Mine x3  
  186  12:46  Widow Mine  
  186  12:47  Widow Mine x3  
  194  12:55  SCV  
  178  13:03  Planetary Fortress, Missile Turret  
  178  13:04  SCV x2  
  176  13:06  Widow Mine x2  
  176  13:07  Widow Mine  
  176  13:08  Widow Mine x3  
  176  13:09  Siege Tank  
  187  13:17  Refinery  
  187  13:24  Missile Turret  
  181  13:28  Widow Mine x3  
  181  13:29  Widow Mine x2  
  181  13:30  Widow Mine  
  193  13:41  Siege Tank  
  196  13:44  Missile Turret  
  196  13:49  Widow Mine x2  
  198  14:04  Widow Mine, Missile Turret  
  194  14:10  Widow Mine  
  194  14:11  Widow Mine  
  198  14:17  Missile Turret  
  198  14:21  Command Center  
  198  14:24  Missile Turret  
  198  14:27  Factory Tech Lab  
  198  14:34  Widow Mine  
  200  14:45  Missile Turret  
  200  14:46  Missile Turret  
  200  15:05  Missile Turret  
  198  15:19  Terran Vehicle And Ship Armor Level 2  
  198  15:25  Missile Turret  
  198  15:40  Missile Turret  
  198  15:41  Missile Turret  
  198  15:42  Missile Turret  
  198  15:45  Missile Turret  
  198  15:51  Siege Tank  
  193  16:03  Missile Turret x2  
  189  16:05  Missile Turret  
  189  16:06  Widow Mine x2, Siege Tank  
  189  16:07  Widow Mine x2  
  199  16:26  Command Center  
  198  17:00  Siege Tank  
  198  17:01  Widow Mine  
  185  17:07  Missile Turret  
  185  17:11  Thor  
  185  17:12  Widow Mine, Factory Tech Lab x2  
  185  17:14  Widow Mine  
  185  17:15  Missile Turret  
  195  17:23  Sensor Tower  
  195  17:31  Missile Turret  
  195  17:35  Missile Turret  
  189  17:52  Missile Turret  
  189  17:54  Siege Tank  
  189  17:55  Siege Tank  
  189  17:56  Widow Mine x2, Thor, Siege Tank  
  189  17:58  Widow Mine  
  180  18:17  Widow Mine x2  
  180  18:19  Widow Mine  
  184  18:26  Command Center, Siege Tank  
  187  18:28  Widow Mine x2  
  188  18:38  Widow Mine  
  188  18:39  Widow Mine, Siege Tank  
  188  18:41  Widow Mine  
  175  18:49  Widow Mine, Siege Tank  
  173  18:58  Siege Tank  
  173  19:00  Widow Mine x2  
  173  19:02  Widow Mine  
  170  19:10  Siege Tank  
  170  19:11  Siege Tank  
  173  19:19  Command Center  
  173  19:21  Widow Mine x3  
  173  19:23  Widow Mine  
  181  19:30  Siege Tank  
  184  19:42  Widow Mine  
  184  19:43  Widow Mine x3  
  184  19:44  Widow Mine  
  184  19:45  Widow Mine  
  192  20:03  Widow Mine  
  192  20:04  Widow Mine x3  
  199  20:24  Widow Mine  
Show
View Real Time Build Order
Export as new Build Order

jimmy Protoss 

Build Orders: Carriers 

Get SALT Encoding   

  12  0:01  Probe  
  13  0:17  Pylon  
  13  0:18  Probe  
  14  0:30  Probe  
  15  0:38  Gateway  
  15  0:42  Assimilator  
  15  0:45  Probe (Chrono Boost)  
  16  0:52  Assimilator  
  16  0:57  Probe (Chrono Boost)  
  17  1:05  Probe  
  18  1:27  Cybernetics Core  
  18  1:29  Probe (Chrono Boost)  
  19  1:39  Probe (Chrono Boost)  
  20  1:53  Probe  
  21  2:03  Stalker  
  23  2:09  Pylon  
  23  2:19  Nexus  
  23  2:27  Probe  
  24  2:34  Stalker  
  26  2:39  Probe  
  27  2:53  Probe  
  28  3:02  Stargate  
  28  3:05  Probe  
  28  3:08  Assimilator  
  28  3:12  Assimilator  
  29  3:15  Pylon  
  29  3:18  Probe (Chrono Boost)  
  30  3:30  Probe (Chrono Boost)  
  31  3:37  Void Ray (Chrono Boost)  
  31  3:38  Probe (Chrono Boost)  
  32  3:44  Probe  
  37  3:56  Probe  
  38  4:22  Void Ray  
  39  4:24  Probe (Chrono Boost)  
  43  4:34  Probe (Chrono Boost)  
  44  4:42  Probe (Chrono Boost)  
  44  4:44  Stargate  
  45  4:46  Stargate  
  45  4:47  Robotics Facility  
  45  4:48  Probe (Chrono Boost)  
  45  4:50  Probe (Chrono Boost)  
  47  4:54  Protoss Air Weapons Level 1  
  47  4:55  Pylon  
  47  4:56  Probe  
  48  5:02  Probe  
  49  5:08  Probe  
  49  5:10  Pylon  
  50  5:14  Probe, Void Ray, Pylon  
  50  5:21  Probe  
  56  5:26  Void Ray  
  56  5:33  Probe  
  61  5:36  Observer, Void Ray  
  66  5:45  Probe  
  67  5:56  Void Ray  
  67  5:57  Probe, Observer  
  67  6:03  Void Ray  
  73  6:05  Pylon  
  77  6:19  Observer  
  77  6:25  Shield Battery  
  78  6:28  Shield Battery  
  78  6:33  Void Ray x2  
  78  6:34  Pylon  
  78  6:39  Nexus  
  86  6:46  Pylon  
  86  6:51  Pylon  
  86  6:52  Observer  
  87  7:03  Fleet Beacon  
  87  7:04  Pylon  
  87  7:18  Void Ray x2  
  87  7:26  Observer  
  96  7:37  Void Ray  
  98  8:21  Carrier  
  103  9:10  Carrier x2  
  91  9:28  Void Ray  
  91  9:29  Protoss Air Weapons Level 2  
  91  9:37  Observer  
  96  9:40  Probe (Chrono Boost)  
  97  9:46  Shield Battery  
  97  9:47  Shield Battery  
  97  9:49  Forge  
  97  9:50  Probe (Chrono Boost)  
  97  9:52  Shield Battery  
  98  9:55  Probe (Chrono Boost), Assimilator  
  98  9:59  Observer, Assimilator  
  100  10:07  Probe (Chrono Boost)  
  101  10:19  Probe (Chrono Boost)  
  101  10:20  Observer  
  103  10:26  Probe (Chrono Boost)  
  104  10:31  Carrier x3  
  104  10:33  Probe  
  123  10:43  Flux Vanes  
  123  10:45  Probe  
  123  10:47  Stargate  
  124  10:50  Stargate  
  124  10:52  Pylon, Nexus  
  124  10:54  Pylon  
  124  10:57  Probe  
  124  11:02  Assimilator  
  124  11:04  Protoss Shields Level 1  
  125  11:06  Assimilator  
  125  11:07  Photon Cannon  
  125  11:09  Observer, Probe  
  127  11:30  Observer  
  128  11:42  Carrier x3  
  146  11:52  Observer  
  146  11:53  Carrier  
  149  12:05  Carrier  
  151  12:46  Carrier  
  136  13:33  Carrier x4  
  160  13:38  Probe (Chrono Boost)  
  162  13:49  Probe (Chrono Boost)  
  163  13:56  Probe (Chrono Boost)  
  163  14:01  Probe (Chrono Boost), Pylon  
  163  14:05  Pylon  
  164  14:19  Probe, Carrier  
  164  14:24  Observer  
  172  14:30  Stargate  
  172  14:32  Stargate  
  172  14:37  Carrier  
  178  14:45  Observer  
  173  14:46  Protoss Air Weapons Level 3  
  173  14:59  Carrier  
  179  15:04  Pylon  
  179  15:06  Pylon  
  179  15:08  Pylon  
  179  15:22  Carrier  
  179  15:24  Carrier  
  179  15:26  Carrier  
  159  16:25  Tempest x4  
  168  16:26  Tempest  
  168  16:28  Tempest  
  183  16:40  Tempest  
  183  16:45  Observer  
  189  17:07  Observer  
  190  17:11  Probe (Chrono Boost)  
  191  17:21  Probe (Chrono Boost)  
  192  17:26  Probe (Chrono Boost)  
  192  17:28  Observer  
  194  17:30  Stargate  
  194  17:34  Stargate  
  194  17:37  Stargate  
  194  17:38  Probe  
  195  17:45  Tempest  
  195  17:46  Nexus  
  195  17:49  Observer  
  195  17:50  Probe  
  140  18:54  Tempest x6  
  140  18:55  Tempest x4  
  182  19:14  Assimilator  
  182  19:36  Tempest  
  187  19:51  Tempest x2  
Show
View Real Time Build Order
Export as new Build Order

Massa Terran 

Build Orders:  

Get SALT Encoding   

  12  0:00  SCV  
  13  0:12  SCV  
  14  0:22  Supply Depot  
  14  0:24  SCV  
  15  0:29  Refinery  
  15  0:44  SCV  
  15  0:45  Barracks  
  16  0:56  SCV  
  17  1:08  SCV  
  18  1:20  SCV  
  20  1:34  Orbital Command, Reaper  
  20  1:42  Command Center  
  20  2:05  Factory  
  20  2:10  Supply Depot  
  20  2:11  Marine  
  20  2:13  SCV  
  22  2:25  SCV  
  23  2:37  SCV  
  24  2:49  Barracks Reactor  
  24  2:59  Orbital Command  
  24  3:10  Command Center  
  24  3:12  Factory Tech Lab  
  24  3:17  Barracks  
  24  3:20  Engineering Bay  
  24  3:23  SCV  
  24  3:25  Refinery  
  25  3:29  SCV  
  25  3:32  Siege Tank  
  29  3:35  Marine  
  29  3:36  SCV  
  29  3:41  SCV, Marine  
  32  3:48  SCV  
  34  3:52  Marine  
  34  3:53  SCV  
  36  4:00  SCV  
  37  4:05  Barracks Tech Lab  
  37  4:06  Marine  
  37  4:07  Siege Tank  
  40  4:10  Marine  
  41  4:24  Marine  
  42  4:26  Marauder  
  42  4:28  Marine  
  42  4:29  Orbital Command  
  45  4:32  SCV x2  
  45  4:37  Missile Turret  
  47  4:40  Missile Turret  
  47  4:44  SCV x2  
  49  4:47  Marauder, Stimpack  
  49  4:52  Orbital Command  
  51  4:56  SCV  
  52  5:05  Starport  
  52  5:06  SCV  
  53  5:08  SCV, Marauder  
  53  5:09  Refinery  
  53  5:12  Refinery  
  56  5:18  SCV  
  56  5:20  SCV  
  58  5:21  SCV  
  58  5:27  Missile Turret  
  59  5:30  Marauder, Missile Turret  
  59  5:31  Terran Infantry Weapons Level 1  
  61  5:38  Supply Depot x2  
  61  5:40  Supply Depot  
  61  5:41  Supply Depot  
  61  5:53  Barracks  
  61  5:54  Barracks  
  61  6:00  SCV x3, Marauder, Marine x2, Siege Tank  
  71  6:04  Supply Depot  
  71  6:06  Missile Turret  
  71  6:07  Missile Turret  
  71  6:12  SCV x3  
  71  6:17  Marine  
  75  6:20  Missile Turret  
  75  6:24  SCV x3  
  78  6:26  Missile Turret  
  78  6:32  Cyclone  
  81  6:33  Starport Reactor  
  81  6:34  Marine x2  
  81  6:35  Marine  
  81  6:36  SCV  
  81  6:39  Combat Shield  
  85  6:43  Barracks Reactor  
  85  6:44  Barracks Reactor  
  85  6:48  SCV x3  
  85  6:52  Marine x2  
  90  6:54  Refinery  
  90  6:58  Sensor Tower  
  90  7:00  SCV x2  
  92  7:02  Sensor Tower  
  92  7:04  Cyclone, Missile Turret  
  95  7:10  Armory  
  95  7:18  Engineering Bay  
  97  7:24  Medivac  
  97  7:25  Terran Infantry Armor Level 1  
  97  7:26  Marine  
  97  7:27  Marine x3  
  101  7:38  Supply Depot x2  
  101  7:39  Supply Depot  
  101  7:40  Supply Depot  
  101  7:44  Supply Depot  
  101  7:59  Marine x7  
  108  8:17  Marine x7  
  108  8:35  Marauder, Marine x4  
  114  8:56  SCV x3  
  114  8:57  Marauder  
  119  9:08  SCV x3  
  122  9:15  Marine x2  
  122  9:16  Marine x4  
  128  9:17  Command Center  
  128  9:18  Marauder  
  128  9:20  SCV  
  128  9:24  Missile Turret  
  131  9:27  Missile Turret  
  131  9:31  Siege Tank  
  133  9:33  Marine x6  
  139  9:40  Marauder  
  141  9:46  Missile Turret  
  141  9:53  Missile Turret  
  141  10:06  Terran Vehicle Weapons Level 1  
  141  10:12  Supply Depot x2  
  141  10:13  Terran Infantry Armor Level 2, Terran Infantry Weapons Level 2, Supply Depot x2  
  141  10:27  Factory  
  141  10:28  SCV x3, Marine x6  
  141  10:29  Marauder  
  141  10:33  Factory  
  141  10:34  Thor  
  158  10:36  Supply Depot  
  158  10:37  Supply Depot x2  
  158  10:38  Supply Depot  
  158  10:40  Factory  
  158  10:41  SCV x3  
  161  10:46  Factory, Marine x4  
  165  10:50  Marauder  
  167  11:01  Supply Depot  
  167  11:05  Orbital Command  
  167  11:06  SCV  
  167  11:07  SCV x2  
  170  11:16  Thor, Supply Depot  
  170  11:17  Refinery, Supply Depot x2  
  170  11:18  Supply Depot x2  
  176  11:19  SCV x2  
  176  11:20  Supply Depot  
  178  11:27  Marine x6  
  178  11:28  Marine  
  185  11:39  Supply Depot  
  185  11:40  Barracks, Supply Depot  
  185  11:41  Barracks  
  185  11:43  Barracks  
  185  11:44  Barracks, Marine  
  185  11:45  Marine x4  
  185  11:46  Factory Tech Lab x2, Marauder  
  185  11:47  Factory Tech Lab x2  
  192  12:08  Marauder  
  194  12:25  Sensor Tower  
  194  12:28  Missile Turret  
  194  12:29  Marauder, Missile Turret x2  
  196  12:31  Missile Turret x2  
  136  13:27  Thor x4  
  136  13:28  Thor  
  136  13:29  Marine  
  136  13:30  Marine x6  
  173  13:37  Medivac x2  
  177  13:47  Marine  
  177  13:48  Marine x6  
  184  13:56  Missile Turret  
  184  13:57  Missile Turret  
  184  13:58  Missile Turret x2  
  184  13:59  Missile Turret x2  
  184  14:05  Marine x6  
  184  14:06  SCV x4, Marine  
  184  14:07  Medivac  
  197  14:18  SCV x2  
  197  14:23  Barracks Reactor, Barracks Tech Lab, Marine  
  197  14:24  Barracks Reactor  
  200  14:29  Smart Servos  
  200  14:30  Drilling Claws  
  200  14:32  Mag-Field Accelerator  
  200  14:34  Barracks Reactor  
  200  14:41  Command Center  
  168  15:45  Terran Infantry Armor Level 3  
  135  16:07  Thor x5  
  135  16:09  Marauder, Marine  
  135  16:10  Marine x12  
  174  16:12  Orbital Command  
  174  16:15  Refinery, SCV  
  174  16:16  SCV x2  
  169  16:27  SCV, Marine x3  
  169  16:28  SCV, Marine, Medivac  
  169  16:29  Medivac  
  177  16:52  Refinery  
  143  17:09  Missile Turret  
  143  17:30  Command Center  
  143  17:34  Missile Turret x2  
  143  17:36  Missile Turret  
  143  17:37  Missile Turret  
  143  17:38  Command Center, Missile Turret x2  
  143  17:39  Missile Turret x3  
  143  17:46  Supply Depot  
  143  17:47  Supply Depot  
  143  17:48  Supply Depot x2  
  143  17:49  Supply Depot x2  
  143  17:50  Supply Depot x2  
  137  18:02  SCV x2  
  137  18:04  Marauder, Marine x5  
  133  18:06  Marine  
  133  18:07  Marine x3, Medivac x2, Supply Depot  
  133  18:08  SCV, Marauder, Marine x3, Supply Depot  
  137  18:14  SCV x2  
  137  18:20  SCV  
  137  18:22  Marine x3  
  137  18:24  Marine x2  
  137  18:25  Marine  
  137  18:26  SCV x2, Marauder  
  137  18:27  Marine x6  
  146  18:30  Marauder  
  146  18:32  SCV  
  149  18:37  Medivac  
  149  18:39  Marine x2  
  149  18:40  Marine  
  142  18:42  Marine x2  
  142  18:43  Marine  
  142  18:44  SCV, Marine  
  142  18:45  Marine x5  
  142  18:47  Marauder  
  152  18:51  Marauder  
  148  18:57  Marine x3  
  148  19:00  Marine x2  
  140  19:15  Orbital Command  
  140  19:30  Engineering Bay  
  140  19:35  Armory  
  140  19:42  Widow Mine, Armory  
  140  19:43  Widow Mine x4  
  140  19:44  Marauder, Marine  
  140  19:45  Marauder, Marine x4  
  157  20:04  Widow Mine x4  
  121  20:30  Marine  
  121  20:31  Marine x10  
Show
View Real Time Build Order
Export as new Build Order

qqq Zerg 

Build Orders: Hatch First, Muta Ling Bane 

Get SALT Encoding   

  12  0:00  Drone  
  13  0:09  Drone  
  14  0:45  Hatchery  
  14  0:47  Drone  
  14  1:01  Spawning Pool  
  14  1:03  Overlord  
  13  1:07  Drone  
  14  1:11  Extractor  
  14  1:14  Drone  
  14  1:34  Drone x2  
  14  1:38  Drone  
  17  1:52  Queen  
  17  1:53  Drone  
  20  1:59  Drone  
  20  2:01  Drone  
  22  2:05  Queen  
  24  2:09  Drone  
  24  2:11  Drone  
  26  2:23  Drone  
  26  2:24  Drone  
  28  2:44  Hatchery  
  27  2:55  Drone  
  27  2:56  Overlord x2  
  27  2:57  Overlord  
  28  3:04  Lair  
  28  3:10  Overlord  
  28  3:16  Drone x2  
  28  3:17  Drone  
  31  3:21  Zergling x2  
  31  3:23  Drone  
  33  3:27  Metabolic Boost  
  33  3:31  Drone  
  33  3:33  Drone  
  35  3:36  Drone  
  35  3:38  Zergling x2  
  37  3:43  Baneling Nest  
  37  3:48  Zergling x4  
  38  3:49  Zergling x2  
  38  3:54  Drone  
  40  3:56  Drone x2, Extractor  
  40  3:59  Drone  
  40  4:00  Extractor  
  41  4:03  Drone  
  41  4:04  Extractor  
  40  4:17  Drone x2  
  40  4:21  Drone x2  
  40  4:22  Drone  
  45  4:24  Drone x2  
  47  4:37  Drone x3  
  50  4:42  Centrifical Hooks  
  50  4:43  Zergling x2  
  50  4:45  Zergling x2  
  52  4:47  Zergling x2  
  52  4:49  Overlord  
  53  4:54  Drone x2  
  53  4:56  Hatchery, Zergling x4  
  56  5:16  Drone x3  
  56  5:21  Drone x2, Infestation Pit  
  61  5:22  Zergling x2  
  61  5:23  Zergling x2  
  61  5:33  Zergling x10  
  66  5:42  Zergling x2  
  67  5:43  Drone x2  
  67  5:47  Hatchery  
  67  5:48  Drone  
  67  5:49  Evolution Chamber  
  68  5:50  Evolution Chamber  
  68  5:51  Zergling x2  
  68  5:53  Baneling x6  
  68  5:54  Baneling x2  
  68  5:56  Baneling x3  
  68  6:00  Drone x2  
  70  6:04  Queen  
  70  6:08  Drone  
  73  6:11  Zergling x6  
  75  6:24  Drone x2  
  77  6:26  Spire  
  77  6:30  Drone x2  
  77  6:31  Drone  
  79  6:33  Overlord x4  
  79  6:37  Extractor  
  79  6:38  Extractor, Drone x2  
  79  6:46  Extractor, Queen  
  79  6:47  Extractor  
  79  6:54  Overlord  
  79  6:55  Drone x3  
  79  6:56  Drone x2  
  79  6:58  Hive  
  84  7:03  Drone x2  
  86  7:09  Drone  
  86  7:10  Queen  
  86  7:12  Drone x2  
  86  7:15  Drone x4  
  93  7:16  Drone  
  96  7:36  Drone x5  
  96  7:37  Drone x2, Pneumatized Carapace  
  103  7:41  Overseer  
  103  7:42  Mutalisk x5  
  103  7:43  Mutalisk x2  
  115  7:45  Zergling x6  
  105  8:12  Mutalisk x5  
  102  8:17  Drone x3  
  102  8:18  Drone x5  
  106  8:20  Extractor  
  106  8:21  Extractor  
  106  8:26  Mutalisk x2  
  108  8:40  Hatchery  
  108  8:41  Spore Crawler x2  
  106  8:43  Spore Crawler, Burrow  
  106  8:44  Spore Crawler  
  106  8:45  Spore Crawler  
  98  8:48  Spore Crawler x2  
  98  8:51  Spore Crawler  
  95  8:56  Mutalisk x3  
  98  9:05  Drone  
  98  9:06  Drone x2  
  101  9:23  Hatchery  
  93  9:30  Drone x3  
  93  9:31  Drone x3  
  92  9:45  Drone  
  93  9:47  Hatchery  
  90  10:03  Mutalisk x5  
  90  10:04  Mutalisk x2  
  90  10:05  Drone x3  
  90  10:06  Drone  
  108  10:15  Zerg Flyer Weapons Level 1  
  108  10:21  Corruptor  
  101  10:53  Drone x2  
  101  10:54  Drone x6  
  109  11:02  Corruptor x6  
  121  11:08  Queen  
  121  11:09  Drone  
  124  11:20  Overlord x2  
  124  11:22  Overlord x6  
  124  11:36  Overlord x2  
  124  11:41  Corruptor x4  
  124  11:42  Corruptor  
  140  11:56  Mutalisk x4  
  148  12:03  Spore Crawler  
  148  12:04  Drone x2  
  148  12:05  Spine Crawler x2  
  148  12:06  Drone  
  142  12:09  Zerg Flyer Armor Level 1  
  142  12:11  Corruptor x2  
  142  12:12  Corruptor x2  
  139  12:54  Mutalisk  
  139  12:55  Mutalisk x5  
  139  12:56  Drone  
  139  12:57  Drone x4  
  152  13:09  Drone  
  152  13:10  Drone x3  
  142  13:24  Corruptor x3  
  142  13:25  Mutalisk  
  142  13:26  Drone x3  
  142  13:27  Drone x3  
  139  13:29  Drone  
  141  13:42  Zerg Missile Weapons Level 1, Ultralisk Cavern, Zerg Ground Armor Level 1  
  141  13:44  Mutalisk x2  
  141  13:45  Corruptor x2  
  141  13:46  Drone x5  
  149  13:56  Drone  
  139  14:06  Corruptor x2  
  139  14:07  Corruptor x3  
  139  14:08  Drone  
  139  14:09  Drone x3  
  153  14:13  Corruptor x2  
  153  14:14  Mutalisk  
  153  14:15  Drone x2  
  161  14:20  Greater Spire  
  161  14:29  Zergling x6  
  161  14:30  Drone x2  
  165  14:33  Drone  
  162  14:50  Corruptor x6  
  162  14:51  Spine Crawler  
  162  14:52  Drone x3  
  176  14:53  Mutalisk  
  176  15:13  Ultralisk x2  
  188  15:14  Zergling x2  
  188  15:15  Zergling x2, Overlord  
  188  15:16  Overlord x4  
  188  15:33  Overlord x5  
  188  15:34  Overlord  
  188  15:37  Hatchery  
  188  15:39  Ultralisk x2  
  160  16:16  Corruptor x3  
  160  16:17  Corruptor x6  
  150  16:31  Corruptor  
  150  16:39  Overseer  
  132  17:07  Corruptor x3  
  132  17:08  Corruptor x6  
  142  17:19  Spine Crawler  
  142  17:21  Spore Crawler  
  140  17:23  Spore Crawler  
  140  17:25  Spine Crawler  
  138  17:40  Corruptor x4  
  138  17:41  Corruptor  
  154  17:51  Ultralisk x3  
  154  17:52  Ultralisk x4  
  190  18:12  Corruptor x2  
  180  18:13  Corruptor x4  
  192  18:26  Corruptor  
  178  18:27  Corruptor  
  176  18:39  Overseer  
  162  18:51  Corruptor x2  
  162  18:52  Corruptor x2  
  144  19:16  Zergling x14  
  144  19:17  Zergling x8  
  147  19:18  Anabolic Synthesis  
  141  19:26  Corruptor  
  143  19:45  Corruptor x4  
  141  20:01  Corruptor x2  
  141  20:02  Corruptor  
Tags
 
Add a new tag
Caveats
  • Supply blocks, unpowered buildings, or Contaminate may cause inaccurate times.
  • Supply counts are checked every 10 seconds.